 Dungeon Crawl Stone Soup version 0.28-a0-883-gc8d7bad45d (webtiles) character file.

Game seed: 9566660672060485916

288 Anon1729 the Sneak (level 6, -3/37 HPs)
             Began as a Kobold Brigand on Nov 21, 2021.
             Slain by a gnoll (6 damage)
             ... on level 3 of the Dungeon.
             The game lasted 00:04:25 (1950 turns).

Anon1729 the Sneak (Kobold Brigand)                 Turns: 1950, Time: 00:04:25

Health: -3/37      AC: 10    Str:  9    XL:     6   Next: 57%
Magic:  6/6        EV: 15    Int: 12    God:
Gold:   69         SH:  0    Dex: 18    Spells: 5/5 levels left

rFire   . . .      SeeInvis .   q - +2 dagger (protect)
rCold   . . .      Faith    .   (shield restricted)
rNeg    . . .      Spirit   .   b - +0 robe
rPois   .          Reflect  .   (no helmet)
rElec   .          Harm     .   c - +0 cloak
rCorr   .          Rampage  .   (no gloves)
Will    .....                   (no boots)
Stlth   +++++.....              (no amulet)
HPRegen 0.12/turn               (no ring)
MPRegen 0.10/turn               (no ring)

@: under a protective aura, attractive, hasted, very quick
A: small, no large weapons, nightstalker 3
a: no special abilities


You were on level 3 of the Dungeon.
You visited 1 branch of the dungeon, and saw 3 of its levels.

You collected 69 gold pieces.

Inventory:

Hand Weapons
 a - a +2 dagger
 q - a +2 dagger of protection (weapon)
Missiles
 d - 13 poisoned darts (quivered)
 e - 2 curare-tipped darts
 j - 4 boomerangs
 r - 3 atropa-tipped darts
Armour
 b - a +0 robe (worn)
 c - a +0 cloak (worn)
Scrolls
 f - a scroll of enchant weapon {unknown}
 h - a scroll of fog {unknown}
 i - a scroll of noise {unknown}
 k - a scroll of torment {unknown}
 l - a scroll of teleportation {unknown}
 n - a scroll of silence {unknown}
 p - a scroll of identify {unknown}


   Skills:
 + Level 3.2 Fighting
 * Level 5.0 Short Blades
 + Level 3.2 Throwing
 + Level 3.0 Dodging
 * Level 7.1 Stealth


You had 5 spell levels left.
You didn't know any spells.
Your spell library contained the following spells:

 Spells                   Type           Power      Damage    Failure   Level
 Animate Skeleton         Necr           0%         N/A       32%         1
 Apportation              Tloc           0%         N/A       32%         1
 Magic Dart               Conj           0%         1d3       32%         1
 Summon Small Mammal      Summ           0%         N/A       32%         1
 Call Imp                 Summ           0%         N/A       45%         2
 Mephitic Cloud           Conj/Pois/Air  0%         N/A       69%         3


Dungeon Overview and Level Annotations

Branches:
Dungeon (3/15)

Altars:

Shops:
D:1 ?


Innate Abilities, Weirdness & Mutations

You are small and have problems with some larger weapons.
You are completely attuned to the shadows.


Message History

Jessica hits you with a +0 dagger.
* * * LOW HITPOINT WARNING * * *
The gnoll completely misses you. Jessica closely misses you.
You hit Jessica.
Jessica is moderately wounded.
The gnoll closely misses you.
You hit Jessica.
Jessica is severely wounded.
Jessica mumbles some strange words.
Jessica blinks!
Jessica is attracted toward you.
You hit Jessica.
Jessica is almost dead.
Jessica closely misses you. The gnoll misses you.
You hit Jessica.
You kill Jessica!
Your Short Blades skill increases to level 5!
The gnoll hits you from afar with a +0 halberd.
* * * LOW HITPOINT WARNING * * *
The gnoll is attracted toward you. x2
Things that are here:
a +0 dagger; a +0 robe of willpower You aren't carrying any items that you can evoke.
You aren't carrying any potions.
Unknown command.
You hit the gnoll.
The gnoll is lightly wounded.
You aren't carrying any items that you can evoke.
Unknown command.
You hit the gnoll.
The gnoll is moderately wounded.
The gnoll misses you.
You hit the gnoll but do no damage.
The gnoll is moderately wounded.
You barely miss the gnoll.
The gnoll is moderately wounded.
The gnoll misses you.
You hit the gnoll.
The gnoll is moderately wounded.
The gnoll hits you from afar with a +0 halberd.
You die...

.......#§#
.......#§#
..?..#†#
....#.#
#.# #g#
#g# #)##
#@.#
#........
##.......
#.......
#.......


You could see 2 gnolls.

Vanquished Creatures
  Sigmund (D:3)
  Jessica (D:3)
  5 adders
  A worm (D:3)
  2 dart slugs
  8 bats
  3 endoplasms
  2 giant cockroaches
  A goblin (D:2)
  6 hobgoblins
  A quokka (D:1)
  5 ball pythons
  8 kobolds
  3 rats
47 creatures vanquished.

Notes
Turn   | Place    | Note
-------+----------+-------------------------------------------
     0 | D:1      | Anon1729 the Kobold Brigand began the quest for the Orb.
     0 | D:1      | Reached XP level 1. HP: 12/12 MP: 1/1
   133 | D:1      | Reached XP level 2. HP: 17/17 MP: 2/2
   341 | D:1      | Found a faded altar of an unknown god.
   401 | D:1      | Found Xoteruk's Magic Scroll Boutique.
   930 | D:2      | Reached XP level 3. HP: 18/22 MP: 3/3
  1298 | D:2      | Reached XP level 4. HP: 27/27 MP: 4/4
  1674 | D:3      | Reached skill level 6 in Stealth
  1822 | D:3      | Noticed Sigmund
  1826 | D:3      | Killed Sigmund
  1827 | D:3      | Reached XP level 5. HP: 32/32 MP: 5/5
  1827 | D:3      | Reached XP level 6. HP: 37/37 MP: 6/6
  1854 | D:3      | Reached skill level 7 in Stealth
  1868 | D:3      | Noticed Jessica
  1943 | D:3      | Killed Jessica
  1944 | D:3      | Reached skill level 5 in Short Blades
  1950 | D:3      | Slain by a gnoll

Illustrated notes

Levels and vault maps discovered:
D:1:      dpeg_arrival_tiny_c, layout_loops_ring,
          hellmonk_ecumenical_altar_crossroads, serial_shops, nicolae_shop_stone
D:2:      layout_rooms, kennysheep_generic_room_15
D:3:      layout_rooms, uniq_natasha, uniq_sigmund, uniq_jessica

Skill      XL: |  1  2  3  4  5  6 |
---------------+-------------------+-----
Short Blades   | 3 4 5 |  5.0
Dodging        | 2 3 |  3.0
Stealth        | 6 7 |  7.1
Fighting       | 3 |  3.2
Throwing       | 3 |  3.2

Action                   |  1- 3 |  4- 6 || total
-------------------------+-------+-------++-------
Melee: Dagger            |    70 |    95 ||   165
  Use: Potion            |       |     3 ||     3
 Stab: Sleeping          |    15 |     6 ||    21
       Distracted        |       |     1 ||     1
Armor: Robe              |    13 |    18 ||    31
Dodge: Dodged            |    36 |    58 ||    94

Table legend: (Time is in decaauts)
 A = Elapsed time spent in this place.
 B = Non-inter-level travel time spent in this place.
 C = Inter-level travel time spent in this place.
 D = Time resting spent in this place.
 E = Time spent auto-exploring this place.
 F = Levels seen in this place.
 G = Mean time per level.
                   A        B        C        D        E       F      G
               +--------+--------+--------+--------+--------+-----+--------+
         Total |   1921 |   1867 |     54 |    151 |   1357 |   3 |  640.3 |
       Dungeon |   1921 |   1867 |     54 |    151 |   1357 |   3 |  640.3 |
               +--------+--------+--------+--------+--------+-----+--------+

Top non-repeatable levels by time:
     D:1: 887 daAuts
     D:2: 749 daAuts
     D:3: 284 daAuts
